 Dungeon Crawl Stone Soup version 0.26.0-16-gc1dbca0489 (webtiles) character file.

Game seed: 16365113292552338414

835 Kejsarherre the Slasher (level 7, 0/52 HPs)
             Began as a Demonspawn Gladiator on Jan 20, 2021.
             Was an Initiate of Wu Jian.
             Slain by an orc wizard
             ... wielding a +0 dagger
              (1 damage)
             ... on level 4 of the Dungeon.
             The game lasted 00:12:27 (5101 turns).

Kejsarherre the Slasher (Demonspawn Gladiator)      Turns: 5101, Time: 00:12:28

Health: 0/52       AC: 11    Str: 14    XL:     7   Next: 66%
Magic:  7/7        EV: 10    Int: 10    God:    Wu Jian [......]
Gold:   290        SH:  0    Dex: 16    Spells: 6/6 levels left

rFire    . . .     SeeInvis .   a - +0 long sword
rCold    + . .     Faith    .   p - +0 buckler
rNeg     . . .     Spirit   .   l - +0 scale mail
rPois    .         Reflect  .   c - +0 helmet
rElec    .         Harm     .   r - +0 cloak
rCorr    .         Rampage  .   (no gloves)
Will     .....                  x - +1 pair of boots
Stlth    ..........             (no amulet)
HPRegen  0.17/turn              (no ring)
MPRegen  0.10/turn              (no ring)

@: confused
A: cold resistance 1, demonic guardian 1
a: Renounce Religion


You were on level 4 of the Dungeon.
You worshipped Wu Jian.
Wu Jian was noncommittal.
You visited 2 branches of the dungeon, and saw 5 of its levels.
You also visited: Sewer.

You collected 290 gold pieces.

Inventory:

Hand Weapons
 a - a +0 long sword (weapon)
Missiles
 d - 3 throwing nets
 i - 6 javelins (quivered)
Armour
 c - a +0 helmet (worn)
 j - a +0 tower shield
 l - a +0 scale mail (worn)
 p - a +0 buckler (worn)
 r - a +0 cloak (worn)
 x - a +1 pair of boots (worn)
Wands
 n - a wand of random effects (13)
Scrolls
 e - 5 scrolls of teleportation
 g - a scroll of immolation {unknown}
 k - 2 scrolls of amnesia {unknown}
 m - a scroll of random uselessness {unknown}
 t - a scroll of magic mapping
 u - a scroll of enchant armour {unknown}
 w - a scroll of enchant weapon {unknown}
Potions
 b - 5 potions of heal wounds {unknown}
 h - a potion of haste
 q - a potion of attraction {unknown}
 s - 6 potions of curing {unknown}
 v - 2 potions of flight {unknown}


   Skills:
 - Level 3.0 Fighting
 + Level 5.5 Long Blades
 - Level 1.7 Throwing
 + Level 3.9 Armour
 - Level 2.6 Dodging
 + Level 3.9 Shields


You had 6 spell levels left.
You didn't know any spells.
Your spell library contained the following spells:

 Spells                   Type           Power        Failure   Level
 Animate Skeleton         Necr           0%           83%         1
 Magic Dart               Conj           0%           83%         1
 Pain                     Necr           0%           83%         1
 Blink                    Tloc           N/A          92%         2
 Call Imp                 Summ           0%           92%         2
 Slow                     Hex            0%           92%         2
 Conjure Flame            Conj/Fire      0%           99%         3
 Mephitic Cloud           Conj/Pois/Air  0%           99%         3
 Vampiric Draining        Necr           0%           99%         3
 Animate Dead             Necr           0%           100%        4
 Agony                    Necr           0%           100%        5


Dungeon Overview and Level Annotations

Branches:
Dungeon (4/15)             Temple (1/1) D:4           Sewer (visited)

Altars:
Ashenzari
Cheibriados
Elyvilon
Fedhas
Gozag
Hepliaklqana
Kikubaaqudgha
Makhleb
Nemelex Xobeh
Okawaru
Qazlal
Ru
Sif Muna
Trog
Uskayaw
Vehumet
Wu Jian
Xom
Yredelemnul
Zin
The Shining One


Innate Abilities, Weirdness & Mutations

Your flesh is cold resistant. (rC+)
A weak demonic guardian rushes to your aid.


Message History

The orc hits you but does no damage. The orc priest hits you with a +0 whip.
The orc closely misses you. The orc hits you but does no damage.
Something hits you but does no damage.
You miss something. The orc completely misses you.
The orc priest hits you with a +0 whip. The orc closely misses you.
Something hits you.
You closely miss something.
The orc priest hits you but does no damage.
The orc priest invokes the aid of Beogh against you.
Pain shoots through your body! The orc closely misses you. Something hits you.
Unknown command.
You're too confused to move!
The orc hits you with a +0 war axe. The worker ant completely misses you.
The orc priest calls down the wrath of Beogh upon you.
Pain shoots through your body! The orc closely misses you.
The orc priest mumbles some strange prayers to Beogh against you.
Beogh smites you!
* * * LOW HITPOINT WARNING * * *
Something hits you.
You die...

*,,,,,,,,,,.........# ***+**,,,,
*,,,,,,,,,,.........# *,***,,,
*,,,,,,,,,,*#.......# *,* *,,,
*,,,,,,,,,,*#.......## *,***,,,
*,,,,,,,,,,*#........# *,,,+,,,
*,,,,,,,,,,*#........# *,,**,,,
*,,,,,,,,,,*#.....5..## #..#*,,,
*,,,,,,,,,,*#..ooB..))# #..#*.,,
*,,,,,,,...##.o.@...#†# #..#*.,,
*******#.......o....#.####..##.,,
#.........####....#....###
#.........# ##...#.......
########### #...#.##..#*
#...#.##..# ****** #...#.....##
*,,,,* #...#..#.†.. *,,,,*
#......#....


You could see a worker ant, 2 orc priests, 2 orcs and a friendly shadow imp
(summoned).

Vanquished Creatures
  3 big kobolds
  A scorpion (D:4)
  An orc priest (D:4)
  2 orc wizards (D:4)
  An iguana (D:4)
  2 worker ants (D:4)
  A hound skeleton (D:3)
  11 gnolls (D:3)
  5 adders
  8 river rats
  An ooze (D:4)
  2 worms (D:2)
  2 dart slugs (D:1)
  A leopard gecko (D:1)
  9 orcs
  6 bats
  3 giant cockroaches (D:3)
  28 goblins
  31 hobgoblins
  3 quokkas
  8 ball pythons
  7 frilled lizards
  26 kobolds
  23 rats
185 creatures vanquished.

Vanquished Creatures (collateral kills)
  A kobold (Sewer)
1 creature vanquished.

Vanquished Creatures (others)
  A hobgoblin (D:3)
  4 toadstools (D:1)
5 creatures vanquished.

Grand Total: 191 creatures vanquished

Notes
Turn   | Place    | Note
-------+----------+-------------------------------------------
     0 | D:1      | Kejsarherre the Demonspawn Gladiator began the quest for
                  | the Orb.
     0 | D:1      | Reached XP level 1. HP: 16/16 MP: 1/1
   248 | D:1      | Reached skill level 3 in Long Blades
   248 | D:1      | Gained mutation: Your flesh is cold resistant. (rC+)
                  | [demonic ancestry]
   248 | D:1      | Reached XP level 2. HP: 23/23 MP: 2/2
   796 | D:2      | Reached XP level 3. HP: 28/28 MP: 3/3
  1225 | D:2      | Found a basalt altar of Yredelemnul.
  1225 | D:2      | Found an iron altar of Okawaru.
  1517 | D:2      | Reached XP level 4. HP: 26/35 MP: 4/4
  1983 | D:3      | Reached skill level 1 in Shields
  2227 | D:3      | Reached skill level 4 in Long Blades
  2227 | D:3      | Reached skill level 1 in Armour
  2506 | D:3      | Noticed a big kobold
  2506 | D:3      | Noticed a big kobold
  2510 | D:3      | Reached XP level 5. HP: 35/41 MP: 5/5
  2527 | D:3      | Reached XP level 6. HP: 41/47 MP: 6/6
  3891 | D:4      | Found a glowing drain.
  4020 | Sewer    | Entered a sewer
  4076 | Sewer    | Reached skill level 5 in Long Blades
  4303 | Sewer    | Gained mutation: A weak demonic guardian rushes to your
                  | aid. [demonic ancestry]
  4303 | Sewer    | Reached XP level 7. HP: 33/52 MP: 7/7
  4848 | D:4      | Found a staircase to the Ecumenical Temple.
  4872 | Temple   | Entered the Ecumenical Temple
  4983 | Temple   | Became a worshipper of the Wu Jian Council
  5101 | D:4      | HP: 1/52 [orc priest/divine providence (15)]
  5101 | D:4      | Slain by an orc wizard

Illustrated notes

Levels and vault maps discovered:
D:1:      ldierk_walled_garden_2, layout_rooms
D:2:      layout_rooms, gammafunk_temple_overflow_elements,
          kennysheep_flooded_box, minmay_misc_feat_five, serial_bayou_pond_a
D:3:      minmay_goblin_kobold_castle, layout_basic, nrook_loot_triangle,
          nrook_campfire, kennysheep_cross_bottleneck
D:4:      layout_basic, minmay_temple_entry_trees, portal_sewer_entry_e,
          uniq_grinder
Temple:   regret_index_temple_chain_breaker

Skill      XL: |  1  2  3  4  5  6 |
---------------+-------------------+-----
Long Blades    | 3 4 5 |  5.5
Fighting       | 3 |  3.0
Shields        | 1 2 3 |  3.9
Armour         | 1 2 3 |  3.9
Throwing       | |  1.7
Dodging        | |  2.6

Action                   |  1- 3 |  4- 6 |  7- 9 || total
-------------------------+-------+-------+-------++-------
Melee: Long sword        |   114 |   264 |   127 ||   505
Throw: Javelin           |     8 |    31 |     3 ||    42
Invok: Lunge             |       |       |     4 ||     4
  Use: Scroll            |     3 |     3 |       ||     6
       Potion            |       |       |     1 ||     1
 Stab: Sleeping          |     1 |       |       ||     1
Armor: Leather armour    |    18 |       |       ||    18
       Scale mail        |    24 |   167 |    36 ||   227
Dodge: Dodged            |    66 |   180 |    77 ||   323
Block: Tower shield      |    36 |       |       ||    36
       Buckler           |     1 |    76 |    20 ||    97
       Rpst.: Long sword |    20 |    37 |    19 ||    76
